 Dungeon Crawl Stone Soup version 0.17.1-2-g5865329 (webtiles) character file.

297 ololoev the Chopper (level 6, -1/47 HPs)
             Began as a Demonspawn Fighter on Jan 25, 2016.
             Was an Initiate of Makhleb.
             Slain by an iguana (5 damage)
             ... on level 5 of the Dungeon.
             The game lasted 00:06:27 (1000 turns).

ololoev the Chopper (Demonspawn Fighter)            Turns: 1000, Time: 00:06:28

Health: -1/47      AC: 12    Str: 18    XL:     6   Next: 12%
Magic:  8/8        EV:  7    Int:  9    God:    Makhleb [......]
Gold:   6          SH:  9    Dex: 13    Spells: 0 memorised, 5 levels left

rFire  + . .     SeeInvis .     a - +0 war axe
rCold  . . .     Clarity  .     b - +0 scale mail
rNeg   . . .     SustAt   .     c - +0 shield
rPois  .         Gourm    .     (no helmet)
rElec  .         Spirit   .     m - +0 cloak
rCorr  .         Warding  .     (no gloves)
rMut   .         Stasis   .     (no boots)
MR     .....                    (no amulet)
Stlth  ..........               (no ring)
                                (no ring)

@: invisible, not resistant to hostile enchantments, extremely unstealthy
A: claws 1, yellow scales 2, fire resistance 1, shaggy fur 1
a: Renounce Religion


Innate Abilities, Weirdness & Mutations

You have sharp fingernails.
You are mostly covered in yellow scales (AC +3).
Your flesh is heat resistant.
You are covered in fur (AC +1).

Inventory:

Hand Weapons
 a - a +0 war axe (weapon)
Missiles
 n - 4 javelins (quivered)
Armour
 b - a +0 scale mail (worn)
 c - a +0 shield (worn)
 m - a +0 cloak (worn)
Scrolls
 d - 2 scrolls of teleportation
 f - a scroll of amnesia {unknown}
 o - a scroll of remove curse {unknown}
Potions
 i - a potion of flight {unknown}
 l - a potion of heal wounds {unknown}
Comestibles
 e - 2 bread rations
 g - a meat ration
 j - 10 chunks of flesh


   Skills:
 - Level 3.0 Fighting
 * Level 4.5 Axes
 + Level 3.9 Armour
 - Level 2.6 Shields
 + Level 3.1 Invocations


You had 5 spell levels left.
You didn't know any spells.


You were on level 5 of the Dungeon.
You worshipped Makhleb.
Makhleb was noncommittal.
You were hungry.

You visited 2 branches of the dungeon, and saw 6 of its levels.

You collected 105 gold pieces.
You spent 99 gold pieces at shops.

#..<..# #..<..# #.....#
#.....# #.....# #.....#
###.....#########.....#
......###..#.........##
......#....#.........+
......'....#.........#
......#....#...5.....#
......#....#...l@....#
......#....#.........#
......#....#.........#
##+####....##'###.......
.............#.......
.............#.......
.............#.......
.............#.......
............)# ....

Notes
Turn   | Place    | Note
--------------------------------------------------------------
     0 | D:1      | ololoev the Demonspawn Fighter began the quest for the Orb.
     0 | D:1      | Reached XP level 1. HP: 18/18 MP: 1/1
   149 | D:4      | Found Bereliv's Distillery.
   152 | D:4      | Bought a potion of curing for 36 gold pieces
   152 | D:4      | Bought a potion of poison for 12 gold pieces
   181 | D:4      | Gained mutation: You are partially covered in yellow scales (AC +2). [demonic ancestry]
   181 | D:4      | Reached XP level 2. HP: 16/24 MP: 2/2
   187 | D:5      | Entered Level 5 of the Dungeon
   196 | D:4      | Noticed an orc wizard
   209 | D:4      | Killed an orc wizard
   209 | D:4      | Reached XP level 3. HP: 12/29 MP: 3/3
   217 | D:4      | Found a staircase to the Ecumenical Temple.
   227 | Temple   | Entered the Ecumenical Temple
   263 | Temple   | Became a worshipper of Makhleb the Destroyer
   295 | D:4      | Found Koato's Food Boutique.
   413 | D:4      | Noticed a jelly
   424 | D:4      | Killed a jelly
   424 | D:4      | Reached skill level 1 in Invocations
   424 | D:4      | Reached XP level 4. HP: 27/35 MP: 4/4
   539 | D:4      | Bought a potion of degeneration for 12 gold pieces
   558 | D:4      | Noticed a hound
   559 | D:4      | Noticed a worker ant
   567 | D:4      | Killed a hound
   572 | D:4      | Killed a worker ant
   739 | D:4      | Noticed an ogre
   745 | D:4      | Killed an ogre
   745 | D:4      | Reached skill level 4 in Axes
   745 | D:4      | Gained mutation: You have sharp fingernails. [demonic ancestry]
   745 | D:4      | Reached XP level 5. HP: 41/41 MP: 5/7
   828 | D:4      | Noticed an ogre
   834 | D:4      | Killed an ogre
   834 | D:4      | Gained mutation: You are mostly covered in yellow scales (AC +3). [demonic ancestry]
   834 | D:4      | Reached XP level 6. HP: 30/47 MP: 8/8
   848 | D:4      | Found a stormy altar of Qazlal.
   850 | D:4      | Noticed a water elemental
   851 | D:4      | Noticed a fire elemental
   851 | D:4      | Noticed an air elemental
   851 | D:4      | Noticed an earth elemental
   945 | D:4      | Found Itausexe's General Store.
   950 | D:4      | Bought a scroll of teleportation for 39 gold pieces
   999 | D:5      | Gained mutation: Your flesh is heat resistant. [potion of mutation]
   999 | D:5      | Gained mutation: You are covered in fur (AC +1). [potion of mutation]
  1000 | D:5      | Slain by an iguana

Dungeon Overview and Level Annotations

Branches:
Dungeon (5/15)             Temple (1/1) D:4

Altars:
Ashenzari
Cheibriados
Dithmenos
Elyvilon
Gozag
Kikubaaqudgha
Makhleb
Nemelex Xobeh
Okawaru
Qazlal
Ru
Vehumet
Yredelemnul
Zin

Shops:
D:4 %*!


Message History

There is an open door here.
The shadow imp gestures at you. Pain shoots through your body!
Your shield prevents you from hitting the iguana.
The iguana bites you!
The shadow imp shouts, "Give up, thou wayward crook-pated fustilarian!"
You block the shadow imp's attack.
Unknown command.
You slash the iguana!
The iguana is heavily wounded.
You hit the shadow imp.
The shadow imp is moderately wounded.
The iguana barely misses you. You block the shadow imp's attack.
You block the iguana's attack.
Unknown command.
You barely miss the iguana.
The iguana is heavily wounded.
You barely miss the shadow imp.
The shadow imp is moderately wounded.
The shadow imp hits you. The iguana bites you! The shadow imp gestures at you.
Pain shoots through your body!
You closely miss the iguana.
The iguana is heavily wounded.
You closely miss the shadow imp.
The shadow imp is lightly wounded.
The iguana bites you. You block the shadow imp's attack.
Unknown command.
Drink which item? (? for menu, Esc to quit)
It was a potion of mutation.
You feel extremely strange.
You feel resistant to heat. Fur sprouts all over your body.
The iguana closely misses you. The shadow imp gestures at you.
Pain shoots through your body!
Drink which item? (? for menu, Esc to quit)
It was a potion of invisibility.
You fade into invisibility!
You are feeling hungry.
The iguana bites you.
You die...

You could see an iguana and a shadow imp.

Vanquished Creatures
  2 ogres (D:4)
  A hound (D:4)
  A jelly (D:4)
  An orc wizard (D:4)
  A worker ant (D:4)
  A worm (D:3)
  A giant gecko (D:5)
  3 orcs (D:4)
  2 giant cockroaches
  A goblin (D:3)
  2 jackals (D:4)
  2 quokkas
  A ball python (D:4)
  2 kobolds
  2 rats (D:3)
23 creatures vanquished.

Action                   |  1- 3 |  4- 6 || total
-------------------------+-------+-------++-------
Melee: War axe           |    59 |    28 ||    87
Throw: Javelin           |     4 |     4 ||     8
  Use: Potion            |     1 |     4 ||     5

Vault maps used:
D:1:      dpeg_arrival_line_fractal
D:2:      uniq_sigmund
D:3:      minmay_misc_feat_hallway
D:4:      nicolae_qazlal_style_of_elements, minmay_temple_entry_statues_pillars,
          serial_shops, kennysheep_little_box, shop,
          nicolae_shop_window_shopping, first_bread, kennysheep_generic_room_12
D:5:      kb_xom_exploding_sheep
Temple:   nicolae_temple_elliptical
